ESL (28 & UNDER)
SPRINGFIELD SIMPSONS @ MT PLEASANT BEARCATS
08/05/2025
 
TOP OF THE 1ST
Springfield Simpsons batting - Pitching for Mt Pleasant Bearcats : RHP Jorge Amador
Pitching: RHP Jorge Amador
Batting: RHB António López 0-0: Swinging Strike
0-1: Ball
1-1: Foul Ball, location: 2F
1-2: Ball
2-2: Foul Ball, location: 2F
2-2: SINGLE (Line Drive, 6D)
Batting: RHB Manny Ramírez 0-0: Ball
1-0: SINGLE (Line Drive, 6)
António López to second
Batting: RHB Ángel Garza 0-0: Ball
António López steals 3rd base
Manny Ramírez to second
1-0: Ball
2-0: Called Strike
2-1: Ball
3-1: Foul Ball, location: 2F
3-2: Foul Ball, location: 2F
3-2: Strikes out looking
Batting: RHB Brant Sherman 0-0: Ball
1-0: Ball
2-0: DOUBLE (Line Drive, 9LS)
António López scores
Manny Ramírez scores
Batting: SHB Dave Lee 0-0: Foul Ball, location: 2F
0-1: Ball
1-1: 2-RUN HOME RUN (Flyball, 7D), Distance : 394 ft
Batting: SHB Edgardo Osorio 0-0: Ball
1-0: Foul Ball, location: 2F
1-1: Called Strike
1-2: Ball
2-2: Ground out 4-3 (Groundball, 4)
Batting: SHB Jorge García 0-0: Called Strike
0-1: Ball
1-1: Foul Ball, location: 2F
1-2: Strikes out looking
Top of the 1st over - 4 run(s), 4 hit(s), 0 error(s), 0 left on base; Springfield 4 - Mt Pleasant 0
BOTTOM OF THE 1ST
Mt Pleasant Bearcats batting - Pitching for Springfield Simpsons : RHP Mark Anderson
Pitching: RHP Mark Anderson
Batting: RHB Carlos Luna 0-0: Ball
1-0: Foul Ball, location: 2F
1-1: Swinging Strike
1-2: Ball
2-2: Ball
3-2: Strikes out looking
Batting: RHB Irving Galloway 0-0: Foul Ball, location: 2F
0-1: Called Strike
0-2: Ball
1-2: Strikes out swinging
Batting: RHB Jesús Ramírez 0-0: Foul Ball, location: 2F
0-1: Ball
1-1: Fly out, F9 (Flyball, 89M)
Bottom of the 1st over - 0 run(s), 0 hit(s), 0 error(s), 0 left on base; Springfield 4 - Mt Pleasant 0
TOP OF THE 2ND
Springfield Simpsons batting - Pitching for Mt Pleasant Bearcats : RHP Jorge Amador
Batting: SHB José Cruz 0-0: Foul Ball, location: 2F
0-1: Ball
1-1: Called Strike
1-2: Strikes out swinging
Batting: RHB Kawanari Hara 0-0: Ball
1-0: Called Strike
1-1: Ball
2-1: Ball
3-1: Foul Ball, location: 2F
3-2: Base on Balls
Batting: RHB António López 0-0: Called Strike
0-1: Foul Ball, location: 2F
0-2: Ball
1-2: Reached on error, E5 (Groundball, 56)
Kawanari Hara to second
Batting: RHB Manny Ramírez 0-0: Ball
1-0: Swinging Strike
1-1: Swinging Strike
1-2: Ball
2-2: Ball
3-2: Strikes out swinging
Batting: RHB Ángel Garza 0-0: SINGLE (Line Drive, 78S)
Kawanari Hara to third
António López to second
Runner from 3rd tries for Home, throw and OUT!
Top of the 2nd over - 0 run(s), 1 hit(s), 1 error(s), 2 left on base; Springfield 4 - Mt Pleasant 0
BOTTOM OF THE 2ND
Mt Pleasant Bearcats batting - Pitching for Springfield Simpsons : RHP Mark Anderson
Batting: RHB Luis Maldonado 0-0: Ball
1-0: Ball
2-0: Ball
3-0: Called Strike
3-1: Base on Balls
Batting: RHB Ricardo Salazar 0-0: Foul Ball, location: 2F
0-1: Grounds into double play, 6-4-3 (Groundball, 6)
Batting: RHB Jeffrey Hicks 0-0: Called Strike
0-1: Swinging Strike
0-2: Strikes out swinging
Bottom of the 2nd over - 0 run(s), 0 hit(s), 0 error(s), 0 left on base; Springfield 4 - Mt Pleasant 0
TOP OF THE 3RD
Springfield Simpsons batting - Pitching for Mt Pleasant Bearcats : RHP Jorge Amador
Batting: RHB Brant Sherman 0-0: Called Strike
0-1: Fly out, F7 (Line Drive, 78D)
Batting: SHB Dave Lee 0-0: Called Strike
0-1: Called Strike
0-2: Ball
1-2: Ball
2-2: SINGLE (Groundball, 56D)
Batting: SHB Edgardo Osorio 0-0: Called Strike
0-1: Called Strike
0-2: Strikes out swinging
Batting: SHB Jorge García 0-0: Called Strike
0-1: Swinging Strike
0-2: Strikes out looking
Top of the 3rd over - 0 run(s), 1 hit(s), 0 error(s), 1 left on base; Springfield 4 - Mt Pleasant 0
BOTTOM OF THE 3RD
Mt Pleasant Bearcats batting - Pitching for Springfield Simpsons : RHP Mark Anderson
Batting: RHB Ramiro Chávez 0-0: Called Strike
0-1: Ball
1-1: Hit by Pitch
Batting: RHB Roberto Martínez 0-0: Ball
1-0: Called Strike
1-1: Swinging Strike
1-2: Ball
2-2: Grounds into double play, 5-4-3 (Groundball, 56)
Batting: RHB Chris Jones 0-0: Ground out 5-3 (Groundball, 5)
Bottom of the 3rd over - 0 run(s), 0 hit(s), 0 error(s), 0 left on base; Springfield 4 - Mt Pleasant 0
TOP OF THE 4TH
Springfield Simpsons batting - Pitching for Mt Pleasant Bearcats : RHP Jorge Amador
Batting: SHB José Cruz 0-0: Called Strike
0-1: Foul Ball, location: 2F
0-2: Ball
1-2: Ball
2-2: DOUBLE (Line Drive, 7LM)
Batting: RHB Kawanari Hara 0-0: Foul Ball, location: 2F
0-1: Ball
1-1: Foul Ball, location: 2F
1-2: Foul Ball, location: 2F
1-2: Foul Ball, location: 2F
1-2: Ball
2-2: Foul Ball, location: 2F
2-2: Foul Ball, location: 2F
2-2: Ball
3-2: Base on Balls
Batting: RHB António López 0-0: Called Strike
0-1: Foul Ball, location: 2F
0-2: Ball
1-2: Ball
2-2: Ball
3-2: Foul Ball, location: 2F
3-2: Strikes out swinging
Batting: RHB Manny Ramírez 0-0: Called Strike
0-1: Ball
1-1: Swinging Strike
1-2: Ball
2-2: Foul Ball, location: 2F
2-2: Foul Ball, location: 2F
2-2: Ball
3-2: Foul Ball, location: 2F
3-2: Foul Ball, location: 2F
3-2: Fielders Choice at 2nd, 5-4 (Groundball, 56)
José Cruz to third
Pitching: RHP Bill Sampson
Batting: RHB Ángel Garza 0-0: Called Strike
0-1: Ball
1-1: Fly out, F8 (Line Drive, 8RD)
Top of the 4th over - 0 run(s), 1 hit(s), 0 error(s), 2 left on base; Springfield 4 - Mt Pleasant 0
BOTTOM OF THE 4TH
Mt Pleasant Bearcats batting - Pitching for Springfield Simpsons : RHP Mark Anderson
Batting: RHB Carlos Luna 0-0: Ball
1-0: Ball
2-0: Fly out, F8 (Flyball, 8RM)
Batting: RHB Irving Galloway 0-0: Called Strike
0-1: Ball
1-1: Called Strike
1-2: Ball
2-2: Foul Ball, location: 2F
2-2: Strikes out swinging
Batting: RHB Jesús Ramírez 0-0: Called Strike
0-1: Foul Ball, location: 2F
0-2: Strikes out swinging
Bottom of the 4th over - 0 run(s), 0 hit(s), 0 error(s), 0 left on base; Springfield 4 - Mt Pleasant 0
TOP OF THE 5TH
Springfield Simpsons batting - Pitching for Mt Pleasant Bearcats : RHP Bill Sampson
Batting: RHB Brant Sherman 0-0: Ball
1-0: Ball
2-0: Ball
3-0: Base on Balls
Batting: SHB Dave Lee 0-0: Ball
1-0: Foul Ball, location: 2F
1-1: SINGLE (Flyball, 8RS)
Brant Sherman to second
Batting: SHB Edgardo Osorio 0-0: Called Strike
0-1: Swinging Strike
0-2: Ball
1-2: Ball
2-2: Ball
3-2: Foul Ball, location: 2F
3-2: Strikes out swinging
Batting: SHB Jorge García 0-0: Ball
1-0: Ball
2-0: Ball
3-0: Called Strike
3-1: Grounds into double play, 4-6-3 (Groundball, 4)
Top of the 5th over - 0 run(s), 1 hit(s), 0 error(s), 1 left on base; Springfield 4 - Mt Pleasant 0
BOTTOM OF THE 5TH
Mt Pleasant Bearcats batting - Pitching for Springfield Simpsons : RHP Mark Anderson
Batting: RHB Luis Maldonado 0-0: Ground out 5-3 (Groundball, 5)
Batting: RHB Ricardo Salazar 0-0: Called Strike
0-1: Ball
1-1: Ball
2-1: Ball
3-1: SINGLE (Line Drive, 6M)
Batting: RHB Jeffrey Hicks 0-0: Called Strike
0-1: Foul Ball, location: 2F
0-2: Ball
1-2: Foul Ball, location: 2F
1-2: Reached on error, E6 (Groundball, 6M)
Ricardo Salazar to second
Batting: RHB Ramiro Chávez 0-0: Ball
1-0: Ball
2-0: Grounds into double play, 6-4-3 (Groundball, 6M)
Bottom of the 5th over - 0 run(s), 1 hit(s), 1 error(s), 1 left on base; Springfield 4 - Mt Pleasant 0
TOP OF THE 6TH
Springfield Simpsons batting - Pitching for Mt Pleasant Bearcats : RHP Bill Sampson
Batting: SHB José Cruz 0-0: Called Strike
0-1: Ball
1-1: Called Strike
1-2: Foul Ball, location: 2F
1-2: Strikes out swinging
Batting: RHB Kawanari Hara 0-0: Called Strike
0-1: Ball
1-1: Ball
2-1: DOUBLE (Flyball, 7D) - OUT at third base trying to stretch hit.
Batting: RHB António López 0-0: Ball
1-0: Called Strike
1-1: Ball
2-1: Ball
3-1: Base on Balls
Batting: RHB Manny Ramírez 0-0: Called Strike
0-1: Foul Ball, location: 2F
0-2: Ball
1-2: Foul Ball, location: 2F
1-2: Ball
2-2: Foul Ball, location: 2F
2-2: Strikes out swinging
Top of the 6th over - 0 run(s), 1 hit(s), 0 error(s), 1 left on base; Springfield 4 - Mt Pleasant 0
BOTTOM OF THE 6TH
Mt Pleasant Bearcats batting - Pitching for Springfield Simpsons : RHP Mark Anderson
Batting: RHB Roberto Martínez 0-0: Ball
1-0: Fly out, F8 (Flyball, 8LM)
Batting: RHB Chris Jones 0-0: Ball
1-0: Ball
2-0: Ball
3-0: Foul Ball, location: 2F
3-1: Called Strike
3-2: Foul Ball, location: 2F
3-2: Strikes out swinging
Batting: RHB Carlos Luna 0-0: Ball
1-0: DOUBLE (Groundball, 5L)
Batting: RHB Irving Galloway 0-0: Ball
1-0: Ball
2-0: Ball
3-0: Base on Balls
Batting: RHB Jesús Ramírez 0-0: Fly out, F6 (Line Drive, 6M)
Bottom of the 6th over - 0 run(s), 1 hit(s), 0 error(s), 2 left on base; Springfield 4 - Mt Pleasant 0
TOP OF THE 7TH
Springfield Simpsons batting - Pitching for Mt Pleasant Bearcats : RHP Bill Sampson
Pitching: LHP José Chávez
Batting: RHB Ángel Garza 0-0: Fly out, F7 (Flyball, 78XD)
Batting: RHB Brant Sherman 0-0: Foul Ball, location: 2F
0-1: Ball
1-1: Swinging Strike
1-2: Ground out 5-3 (Groundball, 56)
Batting: SHB Dave Lee 0-0: Called Strike
0-1: Ball
1-1: Ball
2-1: Foul Ball, location: 2F
2-2: Ball
3-2: Foul Ball, location: 2F
3-2: Foul Ball, location: 2F
3-2: Base on Balls
Batting: SHB Edgardo Osorio 0-0: Swinging Strike
0-1: Ball
1-1: Ball
2-1: Called Strike
2-2: Fly out, F4 (Popup, 4D)
Top of the 7th over - 0 run(s), 0 hit(s), 0 error(s), 1 left on base; Springfield 4 - Mt Pleasant 0
BOTTOM OF THE 7TH
Mt Pleasant Bearcats batting - Pitching for Springfield Simpsons : RHP Mark Anderson
Batting: RHB Luis Maldonado 0-0: Called Strike
0-1: Ball
1-1: Foul Ball, location: 2F
1-2: Strikes out swinging
Batting: RHB Ricardo Salazar 0-0: Ball
1-0: Ball
2-0: Fly out, F7 (Flyball, 78S)
Batting: RHB Jeffrey Hicks 0-0: Ground out 5-3 (Groundball, 56)
Bottom of the 7th over - 0 run(s), 0 hit(s), 0 error(s), 0 left on base; Springfield 4 - Mt Pleasant 0
TOP OF THE 8TH
Springfield Simpsons batting - Pitching for Mt Pleasant Bearcats : LHP José Chávez
Batting: SHB Jorge García 0-0: Fly out, F7 (Flyball, 7M)
Batting: SHB José Cruz 0-0: Ball
1-0: Foul Ball, location: 2F
1-1: Ball
2-1: Swinging Strike
2-2: Strikes out swinging
Batting: RHB Kawanari Hara 0-0: Called Strike
0-1: Ground out 6-3 (Groundball, 6)
Top of the 8th over - 0 run(s), 0 hit(s), 0 error(s), 0 left on base; Springfield 4 - Mt Pleasant 0
BOTTOM OF THE 8TH
Mt Pleasant Bearcats batting - Pitching for Springfield Simpsons : RHP Mark Anderson
Batting: RHB Ramiro Chávez 0-0: Swinging Strike
0-1: Fly out, F8 (Flyball, 78S)
Batting: RHB Roberto Martínez 0-0: Foul Ball, location: 2F
0-1: Ball
1-1: Swinging Strike
1-2: Ball
2-2: Foul Ball, location: 2F
2-2: Strikes out swinging
Batting: RHB Chris Jones 0-0: Ball
1-0: Ball
2-0: Ground out 6-3 (Groundball, 6M)
Bottom of the 8th over - 0 run(s), 0 hit(s), 0 error(s), 0 left on base; Springfield 4 - Mt Pleasant 0
TOP OF THE 9TH
Springfield Simpsons batting - Pitching for Mt Pleasant Bearcats : LHP José Chávez
Pitching: LHP Bob Quested
Batting: RHB António López 0-0: Fly out, F9 (Flyball, 9M)
Batting: RHB Manny Ramírez 0-0: Ball
1-0: Ball
2-0: Ball
3-0: Base on Balls
Batting: RHB Ángel Garza 0-0: Ball
Manny Ramírez is caught stealing 2nd base
1-0: Ball
2-0: Ball
3-0: Fly out, F3 (Popup, 9LSF)
Top of the 9th over - 0 run(s), 0 hit(s), 0 error(s), 0 left on base; Springfield 4 - Mt Pleasant 0
BOTTOM OF THE 9TH
Mt Pleasant Bearcats batting - Pitching for Springfield Simpsons : RHP Mark Anderson
Batting: RHB Carlos Luna 0-0: Ball
1-0: Swinging Strike
1-1: Swinging Strike
1-2: Ground out 5-3 (Groundball, 5)
Pitching: LHP Alberto Martínez
Batting: RHB Irving Galloway 0-0: Ball
1-0: Ground out 5-3 (Groundball, 56)
Batting: RHB Jesús Ramírez 0-0: Ground out 4-3 (Groundball, 4)
Bottom of the 9th over - 0 run(s), 0 hit(s), 0 error(s), 0 left on base; Springfield 4 - Mt Pleasant 0
This league is powered by Out of the Park Baseball, the baseball management simulation game for PC, Mac and Linux
Tuesday, August 2nd, 2016 - OOTP Baseball 16.8 Build 38